 Dungeon Crawl Stone Soup version 0.28.0-53-g5a82cb258f (webtiles) character file.

Game seed: 17117744053367765390

202 Legadrian the Cudgeller (level 6, -12/49 HPs)
             Began as a Human Fighter on June 23, 2022.
             Engulfed by a cloud of flame (13 damage)
             ... on level 4 of the Dungeon.
             The game lasted 00:14:27 (3744 turns).

Legadrian the Cudgeller (Human Fighter)             Turns: 3744, Time: 00:14:30

Health: -12/49     AC:  9    Str: 19      XL:     6   Next: 8%
Magic:  6/6        EV:  9    Int:  5 (8)  God:
Gold:   103        SH:  4    Dex: 12      Spells: 5/5 levels left

rFire   . . .      SeeInvis .   d - +0 morningstar
rCold   . . .      Faith    .   c - +0 buckler
rNeg    . . .      Spirit   .   b - +0 scale mail
rPois   .          Reflect  .   f - +0 helmet
rElec   .          Harm     .   i - +0 cloak
rCorr   .          Rampage  .   (no gloves)
Will    .....                   (no boots)
Stlth   ..........              (no amulet)
HPRegen 0.16/turn               (no ring)
MPRegen 0.10/turn               (no ring)

@: no status effects
A: no striking features
a: no special abilities


You were on level 4 of the Dungeon.
You visited 1 branch of the dungeon, and saw 4 of its levels.

You collected 103 gold pieces.

Inventory:

Hand Weapons
 a - a +0 flail
 d - a +0 morningstar (weapon)
 j - a +0 hunting sling
 m - a +0 short sword
Missiles
 e - 110 stones
 g - 56 bolts
 p - 6 javelins (quivered)
Armour
 b - a +0 scale mail (worn)
 c - a +0 buckler (worn)
 f - a +0 helmet (worn)
 i - a +0 cloak (worn)
Wands
 o - a wand of paralysis (4)
Scrolls
 h - a scroll of torment
 l - a scroll of vulnerability
 q - a scroll of teleportation
Potions
 k - a potion of curing


   Skills:
 - Level 4.5 Fighting
 + Level 4.7 Maces & Flails
 - Level 3.0 Armour
 - Level 3.0 Shields


You had 5 spell levels left.
You didn't know any spells.
Your spell library was empty.

Dungeon Overview and Level Annotations

Branches:
Dungeon (4/15)             Temple (0/1) D:4

Altars:


Message History

You barely miss the orc priest.
The orc priest is almost dead.
The orc priest hits you but does no damage.
You puncture the orc priest!
You kill the orc priest!
You have reached level 6!
Things that are here:
a +0 hand axe; an orc corpse You start resting.
HP restored.
You now have 103 gold pieces (gained 6).
An orc comes into view. It is wielding a +0 trident.
The orc shouts!
The orc moves out of view.
As you read the scroll labelled IMOWKO NUMU, it crumbles to dust.
It is a scroll of amnesia.
You feel forgetful for a moment.
As you read the scroll labelled PURYL QEHULIRO, it crumbles to dust.
The creatures around you are filled with an inner flame!
It was a scroll of immolation.
An orc is nearby!
You start waiting.
An orc is nearby!
The orc completely misses you.
Press: ? - help, v - describe, . - travel
Here: an orc, wielding a +0 trident and wearing a +0 leather armour (inner flame)
The floor.
An orc is nearby!
An orc is nearby!
The orc hits you with a +0 trident.
You hit the orc but do no damage. You block the orc's attack.
You closely miss the orc. The orc hits you with a +0 trident.
The orc hits you but does no damage.
You puncture the orc!
The orc explodes!
The fiery explosion engulfs you!!!
Ouch! That really hurt!
* * * LOW HITPOINT WARNING * * *
You are engulfed in blazing flames.
You die...

#........>..###
........## ...
#####...## #.#
.........## #.#
#######...###.#
#.......#
##......####
#.........##
#...###.###@.#
#.### #...##)#
... ##... .#
#.# ##.#.. ..
.#..# ... ...#
...#


There were no monsters in sight!

Vanquished Creatures
  2 orc priests
  Ijyb (D:3)
  2 adders (D:3)
  A worm (D:4)
  3 dart slugs
  9 orcs
  7 bats
  6 endoplasms
  A giant cockroach (D:1)
  7 goblins
  6 hobgoblins
  7 jackals
  7 kobolds
  3 quokkas
  10 ball pythons
  5 frilled lizards
  4 rats
81 creatures vanquished.

Notes
Turn   | Place    | Note
-------+----------+-------------------------------------------
     0 | D:1      | Legadrian the Human Fighter began the quest for the Orb.
     0 | D:1      | Reached XP level 1. HP: 18/18 MP: 1/1
   137 | D:1      | Reached XP level 2. HP: 19/24 MP: 2/2
   647 | D:1      | Reached XP level 3. HP: 19/30 MP: 3/3
  1685 | D:2      | Reached XP level 4. HP: 30/38 MP: 4/4
  2232 | D:2      | Found a faded altar of an unknown god.
  2649 | D:3      | Reached XP level 5. HP: 17/43 MP: 5/5
  3168 | D:3      | Noticed Ijyb
  3178 | D:3      | Killed Ijyb
  3524 | D:4      | Found a staircase to the Ecumenical Temple.
  3554 | D:4      | Reached XP level 6. HP: 24/49 MP: 6/6
  3744 | D:4      | HP: 1/49 [spore (45)]
  3744 | D:4      | Engulfed by a cloud of flame

Illustrated notes

Levels and vault maps discovered:
D:1:      zelgadis_glass_arrival_small, layout_basic
D:2:      layout_loops_ring, hellmonk_ecumenical_altar_heavens_door,
          grunt_ministairs_7, minmay_tree_intersection, minmay_tripent
D:3:      layout_rooms, hex_intersection, patterned_corridor, uniq_ijyb
D:4:      layout_rooms, minmay_temple_entry_proselytizer

Skill      XL: |  1  2  3  4  5 |
---------------+----------------+-----
Fighting       | 4 |  4.5
Maces & Flails | 3 4 |  4.7
Armour         | |  3.0
Shields        | |  3.0

Action                   |  1- 3 |  4- 6 || total
-------------------------+-------+-------++-------
Melee: Flail             |   133 |    51 ||   184
       Morningstar       |       |    73 ||    73
 Fire: Hunting sling     |       |     4 ||     4
Throw: Stone             |     5 |     3 ||     8
       Javelin           |       |     2 ||     2
  Use: Potion            |     4 |     3 ||     7
       Scroll            |     2 |     5 ||     7
Armor: Scale mail        |    67 |    55 ||   122
Dodge: Dodged            |    60 |    52 ||   112
Block: Buckler           |    40 |    27 ||    67
